 Dungeon Crawl Stone Soup version 0.23-a0-175-g97aacdb306 (webtiles) character file.

2984 Napalmbreeze the Destroyer (level 9, 0/52 HPs)
             Began as a Tengu Air Elementalist on Sept 17, 2018.
             Was an Initiate of Vehumet.
             Killed by divine providence
             ... invoked by an orc priest
              (14 damage)
             ... on level 9 of the Dungeon.
             The game lasted 00:32:09 (10954 turns).

Napalmbreeze the Destroyer (TeAE)                  Turns: 10954, Time: 00:32:10

Health: 0/52       AC: 10    Str:  9      XL:     9   Next: 83%
Magic:  4/19       EV: 14    Int: 19      God:    Vehumet [......]
Gold:   473        SH:  0    Dex: 13 (14) Spells: 7/20 levels left

rFire    + . .     SeeInvis .   f - +2 short sword (venom)
rCold    . . .     Gourm    .   (no shield)
rNeg     . . .     Faith    .   a - +0 robe
rPois    .         Spirit   .   (helmet restricted)
rElec    .         Reflect  .   p - +2 cloak
rCorr    .         Harm     +   v - +1 pair of gloves
MR       .....                  (boots unavailable)
Stlth    ++........             q - amulet of harm
HPRegen  0.17/turn              b - ring of protection from fire
MPRegen  0.16/turn              d - +3 ring of protection

@: lethally poisoned (0 -> -1)
A: beak, talons 3, able to fly 1
a: Fly, Renounce Religion


You were on level 9 of the Dungeon.
You worshipped Vehumet.
Vehumet was noncommittal.
You were not hungry.

You visited 2 branches of the dungeon, and saw 10 of its levels.
You also visited: Sewer.

You collected 473 gold pieces.

Inventory:

Hand Weapons
 f - a +2 short sword of venom (weapon)
 F - a +0 blowgun
Missiles
 i - 8 needles of sleeping
 s - 56 poisoned needles (quivered)
Armour
 a - a +0 robe (worn)
 p - a +2 cloak (worn)
 r - a +0 buckler
 v - a +1 pair of gloves (worn)
Jewellery
 b - a ring of protection from fire (left hand)
 d - a +3 ring of protection (right hand)
 l - an uncursed ring of stealth
 q - an amulet of harm (around neck)
 u - an uncursed ring of teleportation
Wands
 k - a wand of flame (28)
 I - a wand of acid (10)
Scrolls
 h - 4 scrolls of identify
 m - 5 scrolls of enchant weapon
 n - 2 scrolls of amnesia
 o - 4 scrolls of remove curse
 t - 2 scrolls of magic mapping
 w - 2 scrolls of teleportation
 y - a scroll of noise
 B - 2 scrolls of fog {unknown}
 C - 2 scrolls of immolation
 J - a scroll of enchant armour
Potions
 e - a potion of invisibility {unknown}
 g - 2 potions of lignification {unknown}
 j - 6 potions of flight {unknown}
 x - 7 potions of heal wounds {unknown}
 A - 3 potions of berserk rage {unknown}
 D - 3 potions of might {unknown}
 E - a potion of brilliance {unknown}
 G - a potion of mutation {unknown}
 H - 2 potions of resistance {unknown}
Comestibles
 c - 4 rations


   Skills:
 * Level 4.1 Fighting
 + Level 3.9 Dodging
 - Level 2.0 Stealth
 + Level 6.3 Spellcasting
 - Level 10.8 Conjurations
 - Level 8.7 Air Magic


You had 7 spell levels left.
You knew the following spells:

 Your Spells              Type           Power        Failure   Level  Hunger
a - Shock                 Conj/Air       ####         1%          1    None
e - Lightning Bolt        Conj/Air       #####.....   5%          5    #####..
f - Static Discharge      Conj/Air       #####...     1%          3    ##.....
s - Airstrike             Air            #####.....   3%          4    ####...

Your spell library contained the following spells:

 Spells                   Type           Power        Failure   Level  Hunger
 Swiftness                Chrm/Air       ###.....     2%          2    None
 Animate Skeleton         Necr           N/A          11%         1    None
 Apportation              Tloc           #.....       11%         1    None
 Confusing Touch          Hex            #.....       11%         1    None
 Summon Small Mammal      Summ           #...         11%         1    None
 Call Imp                 Summ           #.......     16%         2    None
 Summon Lightning Spire   Summ/Air       ###.....     19%         4    ####...
 Call Canine Familiar     Summ           #.......     32%         3    ##.....
 Confuse                  Hex            #.......     32%         3    ##.....
 Gell's Gravitas          Tloc           #.........   32%         3    ##.....
 Summon Guardian Golem    Hex/Summ       #.......     32%         3    ##.....
 Petrify                  Tmut/Erth      #.......     71%         4    ####...
 Summon Ice Beast         Ice/Summ       #.......     71%         4    ####...
 Metabolic Englaciation   Hex/Ice        #.........   96%         5    #####..
 Yara's Violent Unravell  Hex/Tmut       #.........   96%         5    #####..


Dungeon Overview and Level Annotations

Branches:
Dungeon (9/15)             Temple (1/1) D:7
   Lair: D:8-11         Orc: D:9-12

Altars:
Ashenzari
Cheibriados
Dithmenos
Elyvilon
Fedhas
Gozag
Hepliaklqana
Kikubaaqudgha
Makhleb
Nemelex Xobeh
Okawaru
Qazlal
Ru
Sif Muna
Trog
Vehumet
Wu Jian
Xom
Zin

Shops:
D:7 %


Innate Abilities, Weirdness & Mutations

You have a beak for a mouth.
You have claws for feet.
You can fly.


Message History

The worker ant is lightly wounded.
You feel sick.
You hear a shout! x2; You hear an angry buzzing noise. x2; You hear a shout!
You hear an angry buzzing noise.
You hear a shout!
You hear an angry hiss.
You hear a shout!
The orc priest mumbles some strange prayers to Beogh against you.
Pain shoots through your body! The shadow imp misses you.
A killer bee comes into view.
The shadow imp hits you but does no damage.
The worker ant barely misses you. The worker ant completely misses you.
The shadow imp hits you but does no damage.
The worker ant closely misses you. The worker ant bites you.
* * * LOW HITPOINT WARNING * * *
An orc priest and an orc wizard come into view.
You feel sick.
The orc priest invokes the aid of Beogh against you.
Beogh smites you!
You die...

#.....#...# .... +.....#.o.#
.... #.....#o..# #### .....
#.....#...##########... .....
+.....#................
......#.....'................
......###...#................
........#####.[..............
......o.y..5@...###########..
#####....†a.....# #..
#.########### #.. #. #.. #
#.> #.. ###


You could see a worker ant, a killer bee, 2 orc priests, an orc wizard
(wandering) and a shadow imp.

Vanquished Creatures
  Psyche (D:8)
  Prince Ribbit (D:5)
  Sigmund (D:5)
  Edmund (D:6)
  An orc warrior (D:5)
  A black bear (D:9)
  2 ice beasts (D:5)
  3 ogres
  2 centaurs
  A scorpion (D:8)
  7 killer bees
  2 quasits
  4 crimson imps
  2 hounds
  2 orc priests
  A jelly (D:5)
  3 iguanas
  Terence (D:3)
  7 orc wizards
  5 worker ants
  3 hound skeletons
  7 adders
  4 river rats (Sewer)
  An adder skeleton (D:6)
  A worm (D:3)
  2 dart slugs (D:1)
  6 leopard geckos
  39 orcs
  6 bats
  9 giant cockroaches
  6 goblins
  6 hobgoblins
  4 quokkas
  8 ball pythons
  3 frilled lizards
  22 kobolds
  A quokka skeleton (D:3)
  29 rats
205 creatures vanquished.

Notes
Turn   | Place    | Note
-------+----------+-------------------------------------------
     0 | D:1      | Napalmbreeze the Tengu Air Elementalist began the quest for
                  | the Orb.
     0 | D:1      | Reached XP level 1. HP: 10/10 MP: 4/4
   112 | D:1      | Reached skill level 2 in Conjurations
   158 | D:1      | Reached XP level 2. HP: 13/15 MP: 1/6
   847 | D:1      | Reached XP level 3. HP: 14/19 MP: 5/7
   854 | D:1      | Reached skill level 3 in Conjurations
   957 | D:1      | Learned a level 3 spell: Static Discharge
  1055 | D:2      | Found a faded altar of an unknown god.
  1575 | D:2      | Reached XP level 4. HP: 24/24 MP: 8/8
  1625 | D:2      | Found a hazy altar of Hepliaklqana.
  1801 | D:3      | Noticed Terence
  1811 | D:3      | Killed Terence
  1811 | D:3      | Reached skill level 4 in Conjurations
  1920 | D:3      | Found a shadowy altar of Dithmenos.
  2432 | D:3      | Found an iron altar of Okawaru.
  2589 | D:4      | Reached skill level 5 in Air Magic
  2589 | D:4      | Gained mutation: You can fly. [Tengu growth]
  2589 | D:4      | Reached XP level 5. HP: 23/28 MP: 0/10
  2791 | D:4      | Reached skill level 5 in Conjurations
  3013 | D:4      | Reached XP level 6. HP: 28/32 MP: 7/11
  3443 | D:4      | Found an ancient bone altar of Kikubaaqudgha.
  3614 | D:5      | Entered Level 5 of the Dungeon
  3617 | D:5      | Found a burning altar of Makhleb.
  3652 | D:5      | Noticed an ice beast
  3715 | D:5      | Noticed Prince Ribbit
  3737 | D:5      | Killed Prince Ribbit
  3737 | D:5      | Reached skill level 6 in Conjurations
  3737 | D:5      | Reached XP level 7. HP: 12/36 MP: 5/13
  3784 | D:5      | Found a glowing drain.
  3788 | Sewer    | Entered a sewer
  4085 | Sewer    | Reached skill level 7 in Conjurations
  4803 | D:5      | Found a sparkling altar of Nemelex Xobeh.
  5143 | D:5      | Reached skill level 8 in Conjurations
  5488 | D:5      | Noticed Sigmund
  5698 | D:5      | Reached XP level 8. HP: 38/41 MP: 12/15
  5740 | D:5      | Killed Sigmund
  5882 | D:5      | Reached skill level 9 in Conjurations
  6728 | D:6      | Noticed Edmund
  6951 | D:6      | Reached skill level 5 in Spellcasting
  6953 | D:6      | Killed Edmund
  7003 | D:6      | Reached skill level 10 in Conjurations
  7277 | D:6      | Reached XP level 9. HP: 37/45 MP: 1/18
  8331 | D:6      | Found an opulent altar of Gozag.
  8635 | D:7      | Found a blossoming altar of Fedhas.
  8809 | D:7      | Found Iffom's Food Shop.
  9002 | D:7      | Found a staircase to the Ecumenical Temple.
  9009 | Temple   | Entered the Ecumenical Temple
  9046 | Temple   | Became a worshipper of Vehumet
  9170 | D:8      | Found a sacrificial altar of Ru.
  9765 | D:8      | Found a shattered altar of Ashenzari.
  9812 | D:8      | Reached skill level 1 in Fighting
  9921 | D:8      | Noticed Psyche
  9925 | D:8      | Killed Psyche
 10335 | D:8      | Found a burning altar of Makhleb.
 10337 | D:8      | Noticed a blizzard demon
 10520 | D:9      | Learned a level 4 spell: Airstrike
 10526 | D:9      | Learned a level 5 spell: Lightning Bolt
 10622 | D:8      | HP: 2/51 [/static electricity (3)]
 10954 | D:9      | Killed from afar by an orc priest

Vault maps used:
D:1:      eino_arrival_water_cross
D:2:      nicolae_overflow_hidden_temple,
          chequers_ecumenical_altar_simple_redux, minmay_nonomino_d4
D:3:      marbit_many_paths, okawaru_ov_weapons_minmay, uniq_terence
D:4:      kiku_gazebo_garden_becter
D:5:      nemelex_xobeh_ov_fountains_minmay, gup_sewer_entry_bowl, basic_altar,
          first_ration, uniq_prince_ribbit1, uniq_sigmund
D:6:      kennysheep_mini, kennysheep_cross_room, uniq_edmund
D:7:      fedhas_altar_1, minmay_temple_entry_nine_rooms, serial_shops, shop
D:8:      makhleb_altar_promises_db, ashenzari_altar_1, old_standard_altar,
          uniq_psyche
D:9:      lemuel_crystal_altar, lemuel_crystal_altar, dancing_weapons_uskayaw,
          erik_orc_4, uniq_pikel
Temple:   jpeg_temple_island
Sewer:    sewer_minmay_treatment

Skill      XL: |  1  2  3  4  5  6  7  8  9 |
---------------+----------------------------+-----
Conjurations   | 2 3 4 5 6 8 10 | 10.8
Air Magic      | 5 6 7 8 |  8.7
Spellcasting   | 3 4 5 6 |  6.3
Fighting       | 4 |  4.1
Dodging        | 3 |  3.9
Stealth        | |  2.0

Action                   |  1- 3 |  4- 6 |  7- 9 || total
-------------------------+-------+-------+-------++-------
Melee: Peck              |     1 |       |     1 ||     2
       Unarmed           |     1 |       |       ||     1
       Short sword       |    10 |    23 |    12 ||    45
       Kick              |     1 |     6 |     1 ||     8
 Fire: Blowgun           |       |       |    13 ||    13
 Cast: Shock             |    68 |    72 |   243 ||   383
       Static Discharge  |       |     7 |    29 ||    36
       Lightning Bolt    |       |       |     3 ||     3
       Airstrike         |       |       |     2 ||     2
 Abil: Fly               |       |       |     1 ||     1
Evoke: Wand              |       |       |     1 ||     1
  Use: Scroll            |       |     8 |     6 ||    14
       Potion            |       |       |     5 ||     5
 Stab: Sleeping          |       |     2 |       ||     2
  Eat: Chunk             |     3 |     7 |     5 ||    15
       Ration            |       |       |     6 ||     6
Armor: Robe              |     6 |     6 |    52 ||    64
Dodge: Dodged            |    10 |    42 |    89 ||   141

Table legend:
 A = Non-vault XP
 B = Vault XP
 C = Vault XP percentage of total XP
 D = Non-vault monster count
 E = Vault monster count
 F = Vault count percentage of total count
                 A         B        C        D         E       F
            +---------+---------+-------+---------+---------+-------
      Total |    3013 |    1251 |  29.3 |     141 |      64 |  31.2
            +---------+---------+-------+---------+---------+-------
        D:1 |      40 |       0 |   0.0 |      22 |       0 |   0.0
        D:2 |      35 |       9 |  20.5 |      13 |       7 |  35.0
        D:3 |      33 |      39 |  54.2 |      11 |       2 |  15.4
        D:4 |     286 |       0 |   0.0 |      23 |       0 |   0.0
        D:5 |     816 |     502 |  38.1 |      19 |       5 |  20.8
        D:6 |     748 |     171 |  18.6 |      30 |       1 |   3.2
        D:7 |      87 |       0 |   0.0 |       4 |       0 |   0.0
        D:8 |     426 |     410 |  49.0 |       7 |       1 |  12.5
        D:9 |     542 |       0 |   0.0 |      12 |       0 |   0.0
      Sewer |       0 |     120 | 100.0 |       0 |      48 | 100.0
            +---------+---------+-------+---------+---------+-------
